 Dungeon Crawl Stone Soup version 0.22-a0-479-gc6e99f3 (webtiles) character file.

8244 Laiders72 the Skirmisher (level 11, -7/112 HPs)
             Began as a Black Draconian Transmuter on June 14, 2018.
             Was a Follower of Makhleb.
             Engulfed by a steam dragon's steam (9 damage)
             ... on level 10 of the Dungeon.
             The game lasted 00:32:14 (13717 turns).

Laiders72 the Skirmisher (DrTm)                    Turns: 13717, Time: 00:32:16

Health: -7/112     AC:  6    Str: 13    XL:     11   Next: 7%
Magic:  19/21      EV: 13    Int: 17    God:    Makhleb [*.....]
Gold:   445        SH:  0    Dex: 14    Spells: 8/23 levels left

rFire    x . .     SeeInvis .     - Unarmed
rCold    + + +     Gourm    .   (shield currently unavailable)
rNeg     . . .     Faith    .   (armour unavailable)
rPois    +         Spirit   .   (helmet currently unavailable)
rElec    .         Reflect  .   (cloak currently unavailable)
rCorr    .         Harm     .   (gloves currently unavailable)
MR       .....                  (boots currently unavailable)
Stlth    ++........             r - amulet of rage
HPRegen  0.28/turn              b - ring of stealth
MPRegen  0.17/turn              v - +3 ring of intelligence

@: ice-form
A: large, (breathe lightning), unfitting armour, AC +7
a: End Transformation, Renounce Religion, Evoke Berserk Rage


You were on level 10 of the Dungeon.
You worshipped Makhleb.
Makhleb was aware of your devotion.
You were hungry.
You were a creature of crystalline ice.
You visited 2 branches of the dungeon, and saw 11 of its levels.

You collected 445 gold pieces.

Inventory:

Missiles
 a - 112 arrows
Armour
 n - the +2 ratskin cloak (melded) {+Rats rPois rN+ Str-1 Int-1 Dex+1}
   (You found it on level 7 of the Dungeon)

   It affects your strength (-1).
   It affects your intelligence (-1).
   It affects your dexterity (+1).
   It protects you from poison.
   It protects you from negative energy.
Jewellery
 b - a ring of stealth (left front paw)
 d - an uncursed ring of protection from cold
 r - an amulet of rage (around neck)
 v - a +3 ring of intelligence (right front paw)
Wands
 o - a wand of polymorph (3)
 w - a wand of iceblast (7)
Scrolls
 e - 3 scrolls of amnesia
 h - a scroll of enchant armour {unknown}
 i - 4 scrolls of enchant weapon
 j - a scroll of fog {unknown}
 m - a scroll of random uselessness {unknown}
 p - 12 scrolls of identify
 x - 3 scrolls of magic mapping
 y - 4 scrolls of teleportation
 z - a scroll of vulnerability {unknown}
 C - a scroll of remove curse
Potions
 f - a potion of mutation
 g - 2 potions of lignification
 k - 2 potions of flight
 l - a potion of curing
 q - 5 potions of agility
 s - 2 potions of brilliance
 t - a potion of berserk rage
Comestibles
 c - 13 rations


   Skills:
 + Level 7.9 Fighting
 + Level 6.6 Dodging
 + Level 7.7 Unarmed Combat
 + Level 6.9 Spellcasting
 + Level 2.0 Hexes
 - Level 2.0 Translocations
 + Level 7.5 Transmutations
 - Level 4.2 Ice Magic
 - Level 2.0 Poison Magic
 + Level 2.2 Invocations


You had 8 spell levels left.
You knew the following spells:

 Your Spells              Type           Power        Failure   Level  Hunger
a - Beastly Appendage     Tmut           ####..       1%          1    None
b - Sticks to Snakes      Tmut           ####....     1%          2    None
c - Spider Form           Tmut/Pois      ###.......   4%          3    ##.....
d - Ice Form              Ice/Tmut       ####....     11%         4    ####...
e - Blink                 Tloc           N/A          8%          2    None
f - Confuse               Hex            ##......     16%         3    ##.....

Your spell library contained the following spells:

 Spells                   Type           Power        Failure   Level  Hunger
 Magic Dart               Conj           #...         12%         1    None
 Conjure Flame            Conj/Fire      #.......     34%         3    ##.....
 Slow                     Hex            ##......     8%          2    None
 Mephitic Cloud           Conj/Pois/Air  #.......     26%         3    ##.....
 Call Imp                 Summ           #.......     19%         2    None
 Blade Hands              Tmut           ####......   16%         5    #####..
 Confusing Touch          Hex            ##....       5%          1    None
 Metabolic Englaciation   Hex/Ice        ###.......   67%         5    #####..
 Petrify                  Tmut/Erth      ###.....     26%         4    ####...
 Gell's Gravitas          Tloc           ##........   16%         3    ##.....
 Yara's Violent Unravell  Hex/Tmut       ###.......   43%         5    #####..


Dungeon Overview and Level Annotations

Branches:
Dungeon (10/15)            Temple (1/1) D:7            Lair (0/6) D:10
    Orc: D:9-12

Altars:
Ashenzari
Cheibriados
Elyvilon
Fedhas
Kikubaaqudgha
Makhleb
Nemelex Xobeh
Trog
Uskayaw
Vehumet
Xom
Yredelemnul
Zin


Innate Abilities, Weirdness & Mutations

((You can breathe wild blasts of lightning.))
((Your glossy black scales are hard. (AC +7)))
You cannot fit into any form of body armour.
((You are resistant to electric shocks. (rElec)))
((You are cold-blooded and may be slowed by cold attacks.))


Message History

An ogre comes into view. It is wielding a giant club.
The steam dragon breathes steam at you. The ball of steam hits you!
The steam scalds you terribly!
* * * LOW HITPOINT WARNING * * *
The ogre shouts!
The redback is engulfed in a cloud of scalding steam.
The redback misses you.
Really walk into that cloud of steam?
Okay, then.
The redback is engulfed in a cloud of scalding steam. x2
The redback bites you!
* * * LOW HITPOINT WARNING * * *
The redback closely misses you. The steam dragon breathes steam at you.
The ball of steam misses you.
You hear a shout!
You are engulfed in a cloud of scalding steam.
* * * LOW HITPOINT WARNING * * *
You are engulfed in a cloud of scalding steam.
You die...

# ###### # ####
#.....# # ..§##
#.....# .
#§.#####.....##.. ####
#######§§s§...........
....
.......Y§§s##..##.....
##..
#########sD.#.##......
#....!.eO........
#.#####...†...... #
##.#....^##.....## ..
#....##.## .##..#
...###.......# .# ...
........?######..# #
###....>...>...##


You could see a deep elf mage, a steam dragon, a tarantella, a redback and an
ogre.

Vanquished Creatures
  2 two-headed ogres (D:9)
  Pikel (D:7)
  Psyche (D:8)
  Joseph (D:7)
  A centaur zombie (D:10)
  2 hippogriffs (D:9)
  A wyvern (D:10)
  4 yaks (D:9)
  Sigmund (D:6)
  2 hungry ghosts
  A soldier ant (D:10)
  An ice beast (D:9)
  3 phantoms
  3 orc warriors
  2 black bears
  4 ogres
  4 centaurs
  A crocodile (D:9)
  A big kobold (D:8)
  4 bullfrogs
  4 scorpions
  A water moccasin zombie (D:5)
  10 killer bees
  2 howler monkeys
  A crimson imp (D:6)
  A quasit (D:9)
  2 centaur skeletons
  A gnoll shaman (D:10)
  2 orc priests
  Crazy Yiuf (D:4)
  3 hounds
  A jelly (D:9)
  A bullfrog skeleton (D:8)
  2 iguanas
  3 orc wizards
  7 worker ants
  A hound zombie (D:8)
  A hound skeleton (D:9)
  A worker ant zombie (D:5)
  4 gnolls (D:10)
  A howler monkey zombie (D:7)
  A howler monkey skeleton (D:4)
  11 adders
  A shadow imp (D:5)
  2 oozes
  An adder zombie (D:6)
  3 adder skeletons
  3 worms
  2 dart slugs
  5 leopard geckos
  21 orcs
  3 ball pythons
  8 giant cockroaches
  15 goblins
  11 hobgoblins
  7 jackals (D:1)
  7 quokkas
  12 bats
  11 frilled lizards
  A jackal skeleton (D:5)
  13 kobolds
  A leopard gecko skeleton (D:5)
  A quokka skeleton (D:4)
  10 rats
  A spectral orc (D:8)
241 creatures vanquished.

Vanquished Creatures (collateral kills)
  A hornet zombie (D:5)
  An ogre (D:6)
  An orc wizard (D:4)
  An iguana (D:8)
  An adder (D:3)
  A worm (D:2)
  An orc (D:4)
  2 frilled lizards
9 creatures vanquished.

Vanquished Creatures (others)
  A slave (D:7)
1 creature vanquished.

Grand Total: 251 creatures vanquished

Notes
Turn   | Place    | Note
-------+----------+-------------------------------------------
     0 | D:1      | Laiders72 the Draconian Transmuter began the quest for the Orb.
     0 | D:1      | Reached XP level 1. HP: 16/16 MP: 3/3
    49 | D:1      | Reached XP level 2. HP: 14/23 MP: 5/5
   197 | D:1      | Learned a level 2 spell: Sticks to Snakes
   554 | D:1      | Reached XP level 3. HP: 12/29 MP: 4/6
  1417 | D:2      | Found a hide-covered altar of Uskayaw.
  1439 | D:2      | Found a sparkling altar of Nemelex Xobeh.
  1481 | D:2      | Reached XP level 4. HP: 36/36 MP: 7/7
  1487 | D:2      | Learned a level 3 spell: Spider Form
  2116 | D:2      | Found a white marble altar of Elyvilon.
  2860 | D:3      | Reached XP level 5. HP: 29/42 MP: 7/9
  3421 | D:3      | Found a shattered altar of Ashenzari.
  3575 | D:4      | Reached skill level 1 in Poison Magic
  3735 | D:4      | Reached XP level 6. HP: 42/50 MP: 10/10
  4224 | D:4      | Found a faded altar of an unknown god.
  4224 | D:4      | Found a faded altar of an unknown god.
  4229 | D:4      | Found a shimmering altar of Xom.
  4231 | D:4      | Found a radiant altar of Vehumet.
  4233 | D:4      | Found a bloodstained altar of Trog.
  4375 | D:4      | Found a snail-covered altar of Cheibriados.
  4537 | D:4      | Found a runed door.
  4541 | D:4      | Noticed Crazy Yiuf
  4547 | D:4      | Killed Crazy Yiuf
  4683 | D:4      | Found a glowing silver altar of Zin.
  4683 | D:4      | Noticed an angel
  4702 | D:5      | Entered Level 5 of the Dungeon
  5026 | D:5      | Learned a level 4 spell: Ice Form
  5150 | D:5      | Your scales start taking on a glossy black colour.
  5150 | D:5      | Reached XP level 7. HP: 38/57 MP: 12/12
  5150 | D:5      | Gained mutation: You are resistant to electric shocks. (rElec) [Black Draconian growth]
  5742 | D:5      | Reached skill level 1 in Ice Magic
  5982 | D:6      | Noticed Sigmund
  5994 | D:6      | Killed Sigmund
  6262 | D:6      | Reached XP level 8. HP: 49/67 MP: 12/14
  6363 | D:6      | Found an ancient bone altar of Kikubaaqudgha.
  6762 | D:6      | Reached skill level 5 in Unarmed Combat
  7688 | D:7      | Reached skill level 5 in Fighting
  7689 | D:7      | Noticed Pikel
  7704 | D:7      | Killed Pikel
  7704 | D:7      | Reached skill level 5 in Transmutations
  8051 | D:7      | Noticed Joseph
  8068 | D:7      | Killed Joseph
  8068 | D:7      | Reached skill level 5 in Spellcasting
  8068 | D:7      | Reached XP level 9. HP: 30/74 MP: 14/16
  8179 | D:7      | Reached skill level 5 in Dodging
  8324 | D:7      | Found a blossoming altar of Fedhas.
  8383 | D:7      | Found the +2 ratskin cloak {+Rats rPois rN+ Str-1 Int-1 Dex+1}
  8449 | D:7      | Found a staircase to the Ecumenical Temple.
  8476 | D:7      | You fall through a shaft!
  8829 | D:8      | Noticed Psyche
  8835 | D:8      | Paralysed by Psyche for 3 turns
  8844 | D:8      | Killed Psyche
  9671 | Temple   | Entered the Ecumenical Temple
  9686 | Temple   | Became a worshipper of Makhleb the Destroyer
 10180 | D:8      | Found a basalt altar of Yredelemnul.
 10690 | D:9      | Reached XP level 10. HP: 41/84 MP: 15/18
 11300 | D:9      | Noticed a two-headed ogre
 11322 | D:9      | Killed a two-headed ogre
 12010 | D:9      | Learned a level 2 spell: Blink
 12014 | D:9      | Learned a level 3 spell: Confuse
 12378 | D:9      | Noticed a two-headed ogre
 12385 | D:9      | Killed a two-headed ogre
 12385 | D:9      | Reached skill level 1 in Hexes
 12385 | D:9      | Reached skill level 1 in Translocations
 12385 | D:9      | Reached skill level 1 in Invocations
 12448 | D:9      | Reached * piety under Makhleb
 12728 | D:10     | Entered Level 10 of the Dungeon
 13158 | D:9      | HP: 2/105 [killer bee (6)]
 13615 | D:10     | Found a staircase to the Lair.
 13628 | D:10     | Reached XP level 11. HP: 94/94 MP: 16/21
 13706 | D:10     | Noticed a deep elf mage
 13716 | D:10     | HP: 2/112 [steam dragon] (10)]
 13717 | D:10     | Engulfed by a steam dragon's steam

Vault maps used:
D:1:      minmay_arrival_plants_in_alcoves
D:2:      minmay_diamond_boxcup, marbit_many_paths,
          nemelex_xobeh_ov_fountains_minmay, eat_drink_and_be_merry_uskayaw
D:3:      nicolae_ashenzari_panopticon
D:4:      lemuel_coloured_pillars_altar, zin_angel,
          chequers_temple_overflow_minitemple, minmay_joined_circles,
          uniq_crazy_yiuf_cottage
D:5:      first_ration
D:6:      overflow_temple_1_default, uniq_sigmund
D:7:      fedhas_altar_1, minmay_temple_entry_trees, uniq_joseph, uniq_pikel
D:8:      yredelemnul_forgotten_temple_becter, uniq_psyche
D:10:     minmay_wavy_crystal, lair_entry_dummy, hangedman_pestilent_swarm,
          grunt_ministairs_15
Temple:   minmay_temple_curvy_loop

Skill      XL: |  1  2  3  4  5  6  7  8  9 10 11 |
---------------+----------------------------------+-----
Dodging        | 2 3 4 5 6 |  6.6
Fighting       | 2 3 4 5 6 7 |  7.9
Transmutations | 3 4 5 6 7 |  7.5
Poison Magic   | 1 2 |  2.0
Spellcasting   | 3 4 5 6 |  6.9
Unarmed Combat | 4 5 6 7 |  7.7
Ice Magic      | 2 3 4 |  4.2
Hexes          | 1 2 |  2.0
Translocations | 1 2 |  2.0
Invocations    | 2 |  2.2

Action                   |  1- 3 |  4- 6 |  7- 9 | 10-12 || total
-------------------------+-------+-------+-------+-------++-------
Melee: Unarmed           |   181 |   332 |   457 |   275 ||  1245
       Tailslap          |    19 |    46 |    35 |    17 ||   117
       Headbutt          |     2 |     5 |       |       ||     7
       Punch             |     3 |     4 |     7 |     6 ||    20
       Kick              |     3 |     8 |     1 |       ||    12
 Cast: Beastly Appendage |     3 |    10 |     2 |       ||    15
       Sticks to Snakes  |       |     8 |    23 |     2 ||    33
       Spider Form       |       |     1 |    13 |     4 ||    18
       Ice Form          |       |       |       |     8 ||     8
 Abil: Breathe Lightning |       |       |     3 |       ||     3
Evoke: Wand              |       |       |     5 |       ||     5
  Use: Scroll            |     2 |       |    10 |     2 ||    14
       Potion            |       |     2 |       |     7 ||     9
 Stab: Sleeping          |     2 |    15 |     4 |     3 ||    24
       Distracted        |       |       |     1 |       ||     1
  Eat: Chunk             |     2 |    13 |    13 |     7 ||    35
       Ration            |       |       |     4 |     3 ||     7
Armor: Skin              |    52 |    82 |   114 |    95 ||   343
Dodge: Dodged            |   128 |   206 |   390 |   223 ||   947

Table legend:
 A = Spawn XP
 B = Non-spawn XP
 C = Spawn XP percentage of total XP
 D = Spawn monster count
 E = Non-spawn monster count
 F = Spawn count percentage of total count
 G = Total turns spent on level
                    A         B        C        D         E        F      G
               +---------+---------+-------+---------+---------+-------+---------
         Total |       0 |   11778 |   0.0 |       0 |     250 |   0.0 | 13717
               +---------+---------+-------+---------+---------+-------+---------
           D:1 |       0 |      72 |   0.0 |       0 |      39 |   0.0 |  1301
           D:2 |       0 |      95 |   0.0 |       0 |      33 |   0.0 |  1204
           D:3 |       0 |      56 |   0.0 |       0 |      25 |   0.0 |  1006
           D:4 |       0 |     323 |   0.0 |       0 |      26 |   0.0 |  1191
           D:5 |       0 |     375 |   0.0 |       0 |      22 |   0.0 |  1280
           D:6 |       0 |    1010 |   0.0 |       0 |      15 |   0.0 |  1474
           D:7 |       0 |    1543 |   0.0 |       0 |      11 |   0.0 |  1316
           D:8 |       0 |    1724 |   0.0 |       0 |      24 |   0.0 |  1867
           D:9 |       0 |    4649 |   0.0 |       0 |      37 |   0.0 |  2512
          D:10 |       0 |    1931 |   0.0 |       0 |      18 |   0.0 |   539
               +---------+---------+-------+---------+---------+-------+---------
